 Dungeon Crawl Stone Soup version 0.30.1-8-g117510f58f (webtiles) character file.

Game seed: 7504505097866617115

133485 Amplified the Hand of Fortune (level 16, -1/136 HPs)
             Began as a Mummy Gladiator on Sept 22, 2023.
             Was the Champion of Nemelex Xobeh.
             Slain by a +2 heavy trident (9 damage)
             ... on level 2 of the Elven Halls.
             The game lasted 00:42:53 (31673 turns).

Amplified the Hand of Fortune (Mummy Gladiator)    Turns: 31673, Time: 00:42:54

Health: -1/136     AC: 34    Str: 17    XL:     16   Next: 60%
Magic:  0/28       EV:  4    Int: 18    God:    Nemelex Xobeh [******]
Gold:   735        SH:  0    Dex: 14    Spells: 9/15 levels left

rFire   + . .        g - +3 lajatang (flame)
rCold   + + .        (shield currently unavailable)
rNeg    + + +        H - +9 scales of the Dragon King {rPois rF+ rC+ Will+}
rPois   ∞            c - +2 helmet
rElec   +            q - +2 cloak {rCorr}
rCorr   +            (no gloves)
SInv    .            b - +2 pair of boots
Will    +++..        C - amulet "Nushronai" {Spirit rElec rF+ rN+ Int+3} Stlth
                     i - +4 ring of slaying
HPRegen 0.42/turn    m - ring of wizardry
MPRegen 0.21/turn

%: guardian spirit, faith, wizardry (x1)
@: studying 2 skills
A: cold resistance 1, negative energy resistance 3, torment resistance 2, heat
vulnerability 1, in touch with death 2, no potions, faith
a: Renounce Religion, Draw Escape, Draw Destruction, Draw Summoning, Triple
Draw, Deal Four, Stack Five


You were on level 2 of the Elven Halls.
You worshipped Nemelex Xobeh.
Nemelex Xobeh was exalted by your worship.
You visited 6 branches of the dungeon, and saw 27 of its levels.
You also visited: Bailey.

You collected 3142 gold pieces.
You spent 2407 gold pieces at shops.

Inventory:

Hand Weapons
 a - a +1 quarterstaff of flaming
 g - a +3 lajatang of flaming (weapon)
 r - a +1 broad axe of draining
Missiles
 e - a javelin (quivered)
 l - 30 poisoned darts
 p - 4 silver javelins
Armour
 b - a +2 pair of boots (worn)
 c - a +2 helmet (worn)
 f - a +2 hat
 k - a +2 ring mail of cold resistance
 q - a +2 cloak of preservation (worn)
 s - a +1 buckler of reflection
 t - the +8 ring mail of the Pink Corner {rC- Will+++}
   (You found it on level 6 of the Dungeon)

   rC:        It makes you vulnerable to cold.
   Will:      It greatly increases your willpower.
 H - the +9 scales of the Dragon King (worn) {rPois rF+ rC+ Will+}
   (You found it on level 14 of the Dungeon)

   rF:        It protects you from fire.
   rC:        It protects you from cold.
   rPois:     It protects you from poison.
   Will:      It increases your willpower.
 I - the +4 Cigotuvi's embrace {Corpsefed rMiasma Drain rN+}
   (You found it on level 14 of the Dungeon)

   Corpsefed: It gathers nearby corpses to temporarily increase the armour it
   provides.
   rMiasma:   It protects you from foul pestilence.
   rN:        It protects you from negative energy.
   Drain:     It drains your maximum health when unequipped.
Jewellery
 i - a +4 ring of slaying (left hand)
 m - a ring of wizardry (right hand)
 v - an amulet of reflection
 x - a ring of protection from fire
 y - a ring of protection from cold
 C - the amulet "Nushronai" (around neck) {Spirit rElec rF+ rN+ Int+3}
   (You bought it in a shop on level 1 of the Orcish Mines)

   [amulet of guardian spirit]

   It causes incoming damage to be divided between your reserves of health and
   magic.
   Int:       It affects your intelligence (+3).
   rF:        It protects you from fire.
   rElec:     It insulates you from electricity.
   rN:        It protects you from negative energy.
 D - a ring of protection from cold
Wands
 j - a wand of flame (24)
 w - a wand of polymorph (5)
 z - a wand of paralysis (10)
 B - a wand of mindburst (30)
Scrolls
 d - a scroll of poison
 h - 5 scrolls of vulnerability
 n - 5 scrolls of fear
 o - 2 scrolls of fog
 u - 4 scrolls of amnesia
 A - 3 scrolls of immolation
 G - a scroll of enchant armour
 J - a scroll of brand weapon
 K - a scroll of magic mapping


   Skills:
 * Level 15.5 Fighting
 * Level 13.3 Staves
 - Level 1.5 Throwing
 * Level 6.8 Armour
 - Level 11.5 Dodging
 * Level 16.1 Invocations


You had 9 spell levels left.
You knew the following spells:

 Your Spells              Type           Power      Damage    Failure   Level
a - Mephitic Cloud        Conj/Pois/Air  0%         N/A       100%        3
b - Tukima's Dance        Hex            0%         N/A       100%        3

Your spell library contained the following spells:

 Spells                   Type           Power      Damage    Failure   Level
 Apportation              Tloc           0%         N/A       100%        1
 Freeze                   Ice            0%         1d3       100%        1
 Magic Dart               Conj           0%         1d3       100%        1
 Call Imp                 Summ           0%         N/A       100%        2
 Frozen Ramparts          Ice            0%         1d1       100%        3
 Hailstorm                Conj/Ice       0%         3d3       100%        3
 Ozocubu's Armour         Ice            0%         N/A       100%        3
 Volatile Blastmotes      Fire/Tloc      0%         2d10      100%        3
 Fulminant Prism          Conj/Hex       0%         3d5       100%        4
 Iskenderun's Mystic Bla  Conj/Tloc      0%         2d3       100%        4
 Manifold Assault         Tloc           0%         N/A       100%        4
 Passage of Golubria      Tloc           0%         N/A       100%        4
 Alistair's Intoxication  Tmut/Pois      0%         N/A       100%        5
 Fireball                 Conj/Fire      0%         3d3       100%        5
 Iskenderun's Battlesphe  Conj           0%         2d6       100%        5
 Lee's Rapid Deconstruct  Erth           0%         3d4*      100%        5
 Metabolic Englaciation   Hex/Ice        0%         N/A       100%        5
 Yara's Violent Unravell  Hex/Tmut       0%         3d3       100%        5
 Conjure Ball Lightning   Conj/Air       0%         3x3d6     100%        6
 Dispersal                Tloc           0%         N/A       100%        6
 Simulacrum               Ice/Necr       0%         N/A       100%        6
 Orb of Destruction       Conj           0%         9d5       100%        7
 Summon Hydra             Summ           0%         N/A       100%        7
 Disjunction              Tloc           0%         N/A       100%        8
 Sublimation of Blood     Necr           Unusable   N/A       N/A         2
 Wereblood                Tmut           Unusable   N/A       N/A         2

Dungeon Overview and Level Annotations

Branches:
Dungeon (15/15)            Temple (0/1) D:4            Lair (5/5) D:11
 Shoals (1/4) Lair:3       Spider (2/4) Lair:3        Slime (0/5) Lair:5
    Orc (2/2) D:10            Elf (2/3) Orc:2        Vaults (0/5) D:13
 Depths (0/4) D:15         Bailey (visited)

Altars:
Ashenzari
Cheibriados
Gozag
Hepliaklqana
Kikubaaqudgha
Makhleb
Nemelex Xobeh
Okawaru
Ru
Trog
Uskayaw
Wu Jian
Xom
Yredelemnul
Lugonu

Shops:
D:6 (   D:11 :   Orc:1 =!:   Orc:2 :[(   Elf:2 *

Portals:
Abyss: Lair:5

Annotations:
D:15 2 transporters, ripuliukko's ghost, journeyman DEEE
Lair:4 3 runed translucent doors, runemage's ghost, journeyman GnFi
Spider:2 Asterion
Elf:2 7 runed translucent doors


Innate Abilities, Weirdness & Mutations

You are immune to poison.
Your flesh is cold resistant. (rC+)
You are immune to negative energy. (rN+++)
You are immune to unholy pain and torment.
You are vulnerable to heat. (rF-)
You are strongly in touch with the powers of death.
You do not drink.
You have a special connection with the divine. (Faith)


Message History

Your centaur warrior hits the +1 heavy trident!
Your centaur warrior misses the +1 heavy trident.
The deep elf pyromancer barely misses you.
Unknown command.
Unknown command.
A deep elf pyromancer comes into view. It is wielding a +0 long sword.
Your centaur warrior barely misses the +1 heavy trident.
Your centaur warrior kicks the +1 heavy trident.
The +2 heavy trident hits you from afar!
* * * LOW HITPOINT WARNING * * *
The deep elf pyromancer mumbles some strange words.
The deep elf pyromancer blinks!
The deep elf pyromancer points at you and mumbles some strange words.
The sticky flame hits you but does no damage.
You are covered in liquid flames!
You draw a card...
You have drawn the Cloud.
Clouds appear around you!
You are covered in liquid flames!
* * * LOW HITPOINT WARNING * * *
The +2 heavy trident hits you from afar!
* * * LOW HITPOINT WARNING * * *
Unknown command.
Unknown command.
Unknown command.
You draw a card...
You have drawn the Cloud.
Nothing appears to happen.
You are covered in liquid flames!
* * * LOW HITPOINT WARNING * * *
You are no longer on fire.
The +2 heavy trident hits you but does no damage.
Unknown command.
Unknown command.
As you read the scroll of fear, it crumbles to dust.
You assume a fearsome visage.
The deep elf pyromancer looks frightened! x2
The deep elf knight resists with some effort.
The +2 heavy trident is unaffected.
The deep elf knight casts a spell.
The deep elf knight flickers and vanishes!
The +2 heavy trident hits you from afar!
You die...
Your body glows with a rainbow of weird colours and disappears.

.......... ....
....§§§.... .....
#...§§§...# .....
##...§§§§..###.....
##.....e§§...#......
.....§.......§§....
..................
#.................
##@..##...........#
##§{§#####.§(....###
#((e## ##.....##
#§§(e# ###.......#
#..eE.##§§.........
##..().(((..........
#.○....§...........
###c...............
################


You could see 2 deep elf pyromancers and 2 dancing weapons.

Vanquished Creatures
  Zenata (Elf:1)
  An emperor scorpion (Spider:1)
  A deep elf sorcerer (Elf:1)
  A deep elf elementalist (Elf:2)
  A broodmother (shapeshifter) (D:15)
  A spark wasp (Spider:1)
  Josephine (D:10)
  An ettin (Spider:2)
  An entropy weaver (Spider:1)
  A deep elf high priest (Elf:1)
  4 hydras
  2 centaur warriors
  4 catoblepae
  7 boulder beetles
  A two-headed ogre (D:11)
  2 death yaks (Lair:2)
  A death knight (D:14)
  7 dancing weapons
  A tengu warrior (D:15)
  A thrashing horror (Lair:5)
  2 deep elf knights (Elf:1)
  2 pharaoh ants (Spider:1)
  2 orb spiders
  2 skysharks
  2 skeletal warriors
  4 deep elf archers
  4 wizards
  A swamp dragon (Spider:1)
  A lindwurm (D:12)
  3 orc knights
  A steelbarb worm (Spider:1)
  12 deep elf zephyrmancers
  12 wolf spiders
  An oklob plant (D:11)
  12 deep elf pyromancers
  5 ugly things
  3 manticores
  4 cyclopes
  A salamander (D:15)
  2 orc sorcerers
  3 elephants (Lair:5)
  2 guardian serpents
  2 moths of wrath
  A demonic crawler (Spider:1)
  A water nymph (Lair:3)
  A naga mage (D:15)
  3 torpor snails
  An orange demon (Lair:5)
  A gargoyle (D:11)
  6 black mambas
  4 centaur skeletons (D:13)
  10 cane toads
  2 kobold demonologists (D:14)
  3 unseen horrors
  9 komodo dragons
  A rime drake (Lair:4)
  A yaktaur (D:15)
  3 meliai (D:13)
  5 trolls
  A wolf spider simulacrum (D:15)
  3 polar bears
  A hornet (D:9)
  A raiju (shapeshifter) (Lair:5)
  26 blink frogs
  11 tarantellas
  A raiju (D:15)
  6 jumping spiders
  A jumping spider (shapeshifter) (D:14)
  21 slime creatures
  6 small abominations (Lair:5)
  A ynoxinul (Lair:5)
  47 yaks
  5 culicivoras
  A water elemental (Elf:1)
  3 wraiths
  A yak (shapeshifter) (D:12)
  A fire bat (Lair:5)
  A vampire (D:12)
  4 basilisks
  3 wyverns
  3 chaos spawn (Lair:5)
  19 redbacks
  4 wargs
  An acid dragon (D:11)
  15 water moccasins
  An ice beast (D:8)
  45 orc warriors
  2 ogres
  13 wolves
  17 centaurs
  3 phantoms
  2 earth elementals (Elf:1)
  A wyvern zombie (D:7)
  4 kobold brigands
  18 bullfrogs
  5 scorpions
  6 wights
  5 killer bees (D:8)
  4 electric eels
  7 howler monkeys
  7 orc priests
  4 jellies
  Crazy Yiuf (D:5)
  A gnoll bouda (D:6)
  2 hounds
  A sleepcap (D:5)
  2 iguanas
  16 orc wizards
  A killer bee zombie (D:7)
  8 adders
  18 gnolls
  A white imp (D:6)
  2 ufetubi
  4 worms
  4 dart slugs
  67 orcs
  10 endoplasms
  5 giant cockroaches
  20 goblins
  17 hobgoblins
  4 quokkas
  8 ball pythons
  2 bats (D:3)
  5 frilled lizards
  17 kobolds
  8 rats
730 creatures vanquished.

Vanquished Creatures (collateral kills)
  A death yak (Lair:2)
  3 dancing weapons
  A tengu warrior (D:15)
  A thrashing horror (Lair:5)
  Sonja (Lair:5)
  An orb spider (Spider:2)
  A large abomination (Lair:5)
  A wolf spider zombie (D:15)
  2 deep elf archers (Elf:1)
  A necromancer (D:15)
  2 deep elf zephyrmancers (Elf:1)
  7 deep elf pyromancers (Elf:1)
  2 orc knights (Bailey)
  The ghost of barcode the Sneak, a novice OpRe of Kikubaaqudgha (D:7)
  A faun (shapeshifter) (Lair:5)
  2 elephants (Lair:5)
  A centaur skeleton (D:15)
  2 cane toads (Lair:5)
  A rime drake (Lair:5)
  Maggie (D:7)
  A kobold demonologist (Bailey)
  An ancient zyme (Lair:5)
  A troll (Orc:1)
  A hornet (D:6)
  A tarantella (Spider:1)
  A blink frog (Lair:5)
  A jumping spider (Spider:2)
  3 small abominations (Lair:5)
  A spriggan (Lair:5)
  3 wraiths (D:10)
  4 yaks (Lair:3)
  2 basilisks
  A redback (Spider:1)
  A water moccasin (D:7)
  2 orc warriors (Bailey)
  An ogre (D:3)
  An electric eel (Bailey)
  A jelly (Lair:5)
  An orc priest (D:7)
  A sleepcap (D:6)
  5 orc wizards
  A boggart skeleton (D:15)
  An adder (D:3)
  7 orcs
  A bat (D:3)
  2 goblins (D:10)
  A kobold (D:3)
80 creatures vanquished.

Vanquished Creatures (others)
  An orc (Orc:2)
1 creature vanquished.

Grand Total: 811 creatures vanquished

Notes
Turn   | Place    | Note
-------+----------+-------------------------------------------
     0 | D:1      | Amplified the Mummy Gladiator began the quest for the Orb.
     0 | D:1      | Reached XP level 1. HP: 16/16 MP: 1/1
    78 | D:1      | Found a faded altar of an unknown god.
   106 | D:1      | Prayed at the altar of an unknown god.
   106 | D:1      | Became a worshipper of Nemelex Xobeh the Trickster
   106 | D:1      | Reached * piety under Nemelex Xobeh
   106 | D:1      | Received a gift from Nemelex Xobeh
   210 | D:1      | Reached XP level 2. HP: 22/22 MP: 2/2
   497 | D:1      | Gained mutation: You are in touch with the powers of death.
                  | [Mummy growth]
   497 | D:1      | Reached XP level 3. HP: 28/28 MP: 3/3
   598 | D:1      | Received a gift from Nemelex Xobeh
   648 | D:1      | Reached skill level 1 in Invocations
   752 | D:1      | Reached ** piety under Nemelex Xobeh
  1342 | D:2      | Reached XP level 4. HP: 28/34 MP: 3/5
  1481 | D:2      | Received a gift from Nemelex Xobeh
  1695 | D:3      | Learned a level 3 spell: Mephitic Cloud
  1863 | D:3      | Reached XP level 5. HP: 32/41 MP: 6/6
  1865 | D:3      | Reached skill level 2 in Invocations
  1990 | D:3      | Found a sparkling altar of Nemelex Xobeh.
  2252 | D:3      | Noticed an ogre
  2264 | D:3      | Killed an ogre
  2265 | D:3      | Reached XP level 6. HP: 18/47 MP: 7/7
  2385 | D:3      | Reached *** piety under Nemelex Xobeh
  2522 | D:3      | Identified the +0 trident of Awnyfawe {flame, rC- rN++
                  | Will+ Dex+3}
  2618 | D:3      | Received a gift from Nemelex Xobeh
  3080 | D:4      | Found a staircase to the Ecumenical Temple.
  3267 | D:4      | Found an ancient bone altar of Kikubaaqudgha.
  3358 | D:4      | Reached skill level 3 in Invocations
  3392 | D:4      | Reached **** piety under Nemelex Xobeh
  3538 | D:5      | Entered Level 5 of the Dungeon
  3544 | D:5      | Reached XP level 7. HP: 52/54 MP: 9/9
  3588 | D:5      | Found a snail-covered altar of Cheibriados.
  3820 | D:5      | Found a burning altar of Makhleb.
  3904 | D:5      | Found a runed translucent door.
  3905 | D:5      | Noticed Crazy Yiuf
  4038 | D:5      | Identified a scroll of acquirement
  4039 | D:5      | Acquired a manual of Short Blades
  4098 | D:5      | Received a gift from Nemelex Xobeh
  4137 | D:5      | Found an opulent altar of Gozag.
  4454 | D:5      | Killed Crazy Yiuf
  4496 | D:6      | Reached skill level 5 in Fighting
  4496 | D:6      | Reached skill level 4 in Invocations
  4496 | D:6      | Reached XP level 8. HP: 55/62 MP: 9/11
  4667 | D:6      | Received a gift from Nemelex Xobeh
  4793 | D:6      | Noticed a hornet
  4799 | D:6      | Killed a hornet
  4800 | D:6      | Reached skill level 5 in Staves
  4800 | D:6      | Reached skill level 5 in Dodging
  4804 | D:6      | Found Letielut's Hydra Hut.
  4805 | D:6      | Noticed a five-headed hydra
  4944 | D:6      | Reached ***** piety under Nemelex Xobeh
  4973 | D:6      | Received a gift from Nemelex Xobeh
  5163 | D:6      | Identified the +8 ring mail of the Pink Corner {rC-
                  | Will+++}
  5352 | D:7      | Reached skill level 5 in Invocations
  5397 | D:7      | Reached XP level 9. HP: 64/69 MP: 12/12
  5605 | D:7      | Found a hazy altar of Hepliaklqana.
  5607 | D:7      | Received a gift from Nemelex Xobeh
  5688 | D:7      | Found a runed translucent gate.
  5688 | D:7      | Found a runed translucent gate.
  5688 | D:7      | Found a runed translucent gate.
  5688 | D:7      | Noticed barcode's ghost (novice OpRe)
  5703 | D:7      | Noticed Maggie
  5711 | D:7      | Killed Maggie
  5917 | D:7      | Found an iron altar of Okawaru.
  5917 | D:7      | Found a bloodstained altar of Trog.
  5985 | D:7      | Found a basalt altar of Yredelemnul.
  6031 | D:7      | Killed barcode's ghost
  6219 | D:8      | Reached skill level 6 in Invocations
  6273 | D:8      | Received a gift from Nemelex Xobeh
  6729 | D:8      | Reached XP level 10. HP: 76/79 MP: 14/14
  6840 | D:8      | Identified the +6 chain mail of Hairy Freedom {Drain rPois
                  | Str+5 Int-4}
  7322 | D:9      | Reached skill level 7 in Invocations
  7452 | D:9      | Received a gift from Nemelex Xobeh
  7749 | D:9      | Found an ornate altar of the Wu Jian Council.
  7847 | D:9      | Found a shimmering altar of Xom.
  7923 | D:10     | Entered Level 10 of the Dungeon
  7997 | D:10     | Received a gift from Nemelex Xobeh
  8001 | D:10     | Found a broken altar of Ashenzari.
  8150 | D:10     | Noticed Josephine
  8165 | D:10     | Killed Josephine
  8166 | D:10     | Reached XP level 11. HP: 58/87 MP: 16/16
  8185 | D:10     | Found a flagged portal.
  8206 | Bailey   | Entered a bailey
  8277 | Bailey   | Noticed an orc knight
  8279 | Bailey   | Killed an orc knight
  8341 | Bailey   | Received a gift from Nemelex Xobeh
  8341 | Bailey   | Noticed an orc knight
  8344 | Bailey   | Reached skill level 8 in Invocations
  8354 | Bailey   | Killed an orc knight
  8369 | Bailey   | Noticed an orc knight
  8371 | Bailey   | Killed an orc knight
  8849 | Bailey   | Noticed an orc sorcerer
  8852 | Bailey   | Killed an orc sorcerer
  8870 | Bailey   | Acquired 704 gold pieces
  8903 | Bailey   | Found an iron altar of Okawaru.
  9312 | D:10     | Found a sacrificial altar of Ru.
  9334 | D:10     | Reached ****** piety under Nemelex Xobeh
  9372 | D:10     | Found a staircase to the Orcish Mines.
 10191 | D:11     | Noticed a purple ugly thing
 10208 | D:11     | Killed a purple ugly thing
 10292 | D:6      | Bought a +1 lajatang of flaming for 408 gold pieces
 10446 | D:11     | Noticed a two-headed ogre
 10452 | D:11     | Reached skill level 10 in Fighting
 10456 | D:11     | Killed a two-headed ogre
 10573 | D:11     | Found Danalack's Book Boutique.
 10591 | D:11     | Received a gift from Nemelex Xobeh
 10777 | D:11     | Found a staircase to the Lair.
 10777 | D:11     | Noticed an oklob plant
 11093 | D:11     | Reached skill level 9 in Invocations
 11164 | D:12     | Noticed a fire crab
 11215 | D:11     | Killed an oklob plant
 11225 | Lair:1   | Entered Level 1 of the Lair of Beasts
 11240 | Lair:1   | Reached XP level 12. HP: 89/97 MP: 18/18
 11270 | Lair:1   | Received a gift from Nemelex Xobeh
 11383 | Lair:1   | You fall into a shaft and drop 1 floor!
 11384 | Lair:2   | Noticed a six-headed hydra
 11394 | Lair:2   | Killed a four-headed hydra
 11629 | Lair:2   | Learned a level 3 spell: Tukima's Dance
 11726 | Lair:2   | Noticed a catoblepas
 11743 | Lair:2   | Killed a catoblepas
 11991 | Lair:2   | Identified the +4 short sword "Sompal" {drain, rF++ Dex-3}
 12168 | Lair:2   | Received a gift from Nemelex Xobeh
 12342 | Lair:2   | Noticed a death yak
 12345 | Lair:2   | Noticed a death yak
 12346 | Lair:2   | Noticed a death yak
 12349 | Lair:2   | Killed a death yak
 12357 | Lair:2   | Killed a death yak
 12363 | Lair:2   | Killed a death yak
 12613 | Lair:3   | Reached skill level 10 in Invocations
 12715 | Lair:3   | Found a hole to the Spider Nest.
 13099 | Lair:3   | Noticed a catoblepas
 13138 | Lair:3   | Killed a catoblepas
 13325 | Lair:3   | Received a gift from Nemelex Xobeh
 13556 | Lair:3   | Gained mutation: You are strongly in touch with the powers
                  | of death. [Mummy growth]
 13556 | Lair:3   | Reached XP level 13. HP: 80/106 MP: 20/20
 13678 | Lair:3   | Received a gift from Nemelex Xobeh
 14026 | Lair:4   | Noticed runemage's ghost (journeyman GnFi)
 14262 | Lair:4   | Reached skill level 10 in Staves
 14267 | Lair:4   | Reached skill level 10 in Dodging
 14344 | Lair:4   | Identified the +2 quarterstaff of Valour {speed, MP+9
                  | Str+3}
 14351 | Lair:4   | Received a gift from Nemelex Xobeh
 14456 | Lair:4   | Found a runed translucent gate.
 14456 | Lair:4   | Found a runed translucent gate.
 14456 | Lair:4   | Found a runed translucent gate.
 15019 | Lair:5   | Entered Level 5 of the Lair of Beasts
 15032 | Lair:5   | Received a gift from Nemelex Xobeh
 15068 | Lair:5   | Found a staircase to the Slime Pits.
 15821 | Lair:5   | Reached skill level 11 in Invocations
 16260 | Lair:5   | Found a corrupted altar of Lugonu.
 16260 | Lair:5   | Found a one-way gate to the infinite horrors of the Abyss.
 16745 | Lair:5   | Received a gift from Nemelex Xobeh
 16805 | Lair:5   | Reached XP level 14. HP: 75/116 MP: 22/22
 16989 | Lair:5   | Noticed Sonja
 16995 | Lair:5   | Identified the +2 long sword "Newtbane" {freeze, rElec
                  | rPois rCorr}
 16998 | Lair:5   | Killed Sonja
 17139 | Lair:5   | Received a gift from Nemelex Xobeh
 18131 | Lair:1   | Received a gift from Nemelex Xobeh
 18681 | Orc:1    | Entered Level 1 of the Orcish Mines
 18902 | Orc:1    | Found Tolasmee's Vocational Training.
 18990 | Orc:1    | Bought a manual of Invocations for 1200 gold pieces
 19049 | Orc:1    | Received a gift from Nemelex Xobeh
 19120 | Orc:2    | Entered Level 2 of the Orcish Mines
 19257 | Orc:2    | Reached skill level 12 in Invocations
 19649 | Orc:2    | Received a gift from Nemelex Xobeh
 19701 | Orc:2    | Found a staircase to the Elven Halls.
 20026 | Orc:2    | Found Acrotz's Antique Armour Shoppe.
 20026 | Orc:2    | Found Tiofoge's Antique Armour Boutique.
 20028 | Orc:2    | Found Kubbec's Antique Weapon Shop.
 20030 | Orc:2    | Found Itwungun's Book Emporium.
 20129 | Orc:2    | Received a gift from Nemelex Xobeh
 20265 | Orc:1    | Found Cen Usa's Jewellery Shoppe.
 20285 | Orc:1    | Received a gift from Nemelex Xobeh
 20468 | Orc:1    | Found Reruetuj's Distillery.
 20636 | Orc:1    | Bought the amulet "Nushronai" {Spirit rElec rF+ rN+ Int+3}
                  | for 799 gold pieces
 21062 | D:12     | Received a gift from Nemelex Xobeh
 21607 | D:12     | Received a gift from Nemelex Xobeh
 21967 | D:13     | Reached skill level 1 in Armour
 22572 | D:13     | Received a gift from Nemelex Xobeh
 22684 | D:13     | Reached skill level 13 in Invocations
 23170 | D:13     | Reached XP level 15. HP: 120/125 MP: 22/24
 23330 | D:13     | Found a gate to the Vaults.
 23437 | D:14     | Found the +9 scales of the Dragon King {rPois rF+ rC+
                  | Will+}
 23466 | D:14     | Received a gift from Nemelex Xobeh
 23728 | D:14     | Found the +4 Cigotuvi's embrace {Corpsefed rMiasma Drain
                  | rN+}
 24501 | D:15     | Entered Level 15 of the Dungeon
 24528 | D:15     | Received a gift from Nemelex Xobeh
 24981 | D:15     | Found a transporter.
 24984 | D:15     | Noticed ripuliukko's ghost (journeyman DEEE)
 25007 | D:15     | Found a transporter.
 25058 | D:15     | Identified the +0 robe of Tehodea {Harm +Inv rF- Will+++}
 25094 | D:15     | Found a hide-covered altar of Uskayaw.
 25117 | D:15     | Reached skill level 14 in Invocations
 25364 | D:15     | Found a staircase to the Depths.
 25985 | Elf:1    | Entered Level 1 of the Elven Halls
 26303 | Elf:1    | Noticed Zenata
 26577 | Spider:1 | Entered Level 1 of the Spider Nest
 26578 | Spider:1 | Received a gift from Nemelex Xobeh
 26679 | Spider:1 | Received a gift from Nemelex Xobeh
 27107 | Spider:1 | Received a gift from Nemelex Xobeh
 27531 | Spider:1 | Noticed an emperor scorpion
 27548 | Spider:1 | Killed an emperor scorpion
 27549 | Spider:1 | Reached skill level 5 in Armour
 28550 | Spider:2 | Noticed Asterion
 28574 | Spider:2 | Reached skill level 15 in Invocations
 28580 | Spider:2 | Received a gift from Nemelex Xobeh
 28936 | Spider:2 | Identified the +3 chain mail of the Enfolding Gods {Rampage
                  | rF+}
 28976 | Spider:2 | Reached XP level 16. HP: 134/134 MP: 27/27
 29055 | Spider:2 | Identified the +9 sling "Xuipt" {drain, rC- Dex+4 Stlth+}
 29587 | Shoals:1 | Entered Level 1 of the Shoals
 29587 | Shoals:1 | Noticed a kraken
 29853 | Elf:1    | Reached skill level 15 in Fighting
 29935 | Elf:1    | Killed Zenata
 30441 | Elf:1    | Received a gift from Nemelex Xobeh
 31087 | Elf:1    | Received a gift from Nemelex Xobeh
 31157 | Elf:2    | Reached skill level 16 in Invocations
 31178 | Elf:2    | Found Pegixy's Assorted Antiques.
 31405 | Elf:2    | Found a huge runed translucent gate.
 31406 | Elf:2    | Found a huge runed translucent gate.
 31406 | Elf:2    | Found a huge runed translucent gate.
 31406 | Elf:2    | Found a huge runed translucent gate.
 31412 | Elf:2    | Found a huge runed translucent gate.
 31412 | Elf:2    | Found a huge runed translucent gate.
 31412 | Elf:2    | Found a huge runed translucent gate.
 31673 | Elf:2    | Slain by a +2 heavy trident

Illustrated notes

Levels and vault maps discovered:
D:1:      giann_forest_graveyard, layout_loops_corners,
          ebering_ecumenical_altar_petrified, nicolae_grassy_gnolls
D:2:      layout_loops_cross, minmay_liquid_box
D:3:      corexii_shack_village, layout_basic, mainiacjoe_overflow_boulevard,
          wander_ebering_terrifying_dragon_lair
D:4:      layout_cave_pods, tso_altar, kiku_gazebo_garden_becter,
          minmay_temple_entry_ruins
D:5:      layout_loops_cross, lemuel_doored_altar, kennysheep_slug_shrine,
          mainiacjoe_overflow_six_doors_small, saegor_snake_ambush,
          uniq_crazy_yiuf_cottage
D:6:      layout_loops_corners, doesnt_shop_hydraphobe
D:7:      layout_cave_pools, grunt_temple_overflow_bloody_war,
          nicolae_yredelemnul_ghost_church, nicolae_overflow_hidden_temple,
          uniq_maggie
D:8:      layout_cave_pools, zin_statuary
D:9:      layout_rooms, lemuel_coloured_pillars_altar,
          mainiacjoe_overflow_24_doors, serial_aquarium,
          aquarium_bridge_long_separate [aquarium_subvault_window,
          aquarium_subvault_bridge, aquarium_subvault_window,
          aquarium_subvault_bridge, aquarium_subvault_bridge,
          aquarium_subvault_wall], aquarium_window_1, aquarium_window_2,
          aquarium_view_2c, aquarium_view_2d, aquarium_balcony_double_4,
          aquarium_pool_2
D:10:     layout_roguey, evilmike_ruin_ashenzari, nicolae_ru_path_of_blood,
          david_orc_3, enter_bailey_5, lemuel_flamethrower_2, uniq_josephine
D:11:     layout_basic, dpeg_oklobed_lair, serial_shops, shop_coins
D:12:     nooodl_glass_maze, layout_loops_ring
D:13:     layout_basic, hangedman_vaults_entry_quadrant_bands
D:14:     layout_roguey, hangedman_decor_growths
D:15:     grunt_enter_depths_magical_seal, layout_small_grid,
          nicolae_uskayaw_dance_hall, gammafunk_ghost_mausoleum
Lair:1:   layout_cave_pods, beast_lair_carwin_7
Lair:2:   layout_misc_corridors, nicolae_lair_run_with_the_wolves
Lair:3:   layout_cave_pods, nicolae_shoals_entry_flooding,
          nicolae_spider_entry_orb_guardian, lemuel_fruit_fields
Lair:4:   layout_roguey, gammafunk_ghost_split, serial_bayou_shore_a
Lair:5:   hellmonk_lair_end_abyssal_woods, layout_cave_pods,
          minmay_slime_entry_pillars, small_statue_intersection,
          infiniplex_staircase_pool_2, uniq_sonja
Shoals:1: nicolae_shoals_lighthouse, layout_shoals
Spider:1: layout_chambers
Spider:2: layout_spider_delve, uniq_asterion
Orc:1:    layout_caves, serial_shops, nicolae_shop_tiny_statue_garden,
          nicolae_diamond_shop, nicolae_shop_vocational
Orc:2:    st_orc_rangers, layout_caves, minmay_orc_keep
Elf:1:    minmay_elf_arrival_summoners, layout_loops_cross,
          hangedman_elven_crosses_minicolossus, st_stairs_7, uniq_zenata
Elf:2:    elven_hall_of_blades_hangedman_original [nicolae_blade_tridents],
          layout_loops_cross, serial_shops, nicolae_shop_tiny_glass,
          st_stairs_13, nicolae_elf_double_double_double_trouble

Skill      XL: |  1  2  3  4  5  6  7  8  9 10 11 12 13 14 15 16 |
---------------+-------------------------------------------------+-----
Invocations    | 1 2 3 4 5 6 7 9 10 11 13 15 16 | 16.1
Staves         | 3 4 5 6 7 8 9 10 11 12 13 | 13.3
Dodging        | 3 4 5 6 7 8 9 10 11 | 11.5
Fighting       | 3 4 5 6 7 8 10 11 12 13 14 15 | 15.5
Armour         | 2 5 6 |  6.8
Throwing       | |  1.5

Action                     |  1- 3 |  4- 6 |  7- 9 | 10-12 | 13-15 | 16-18 || total
---------------------------+-------+-------+-------+-------+-------+-------++-------
  Melee: Quarterstaff      |   122 |   147 |   281 |   309 |       |       ||   859
         Lajatang          |       |       |       |   224 |  1270 |   184 ||  1678
  Throw: Throwing net      |       |       |     1 |       |     3 |       ||     4
   Cast: Mephitic Cloud    |       |       |       |       |     1 |       ||     1
 Invoke: Draw Destruction  |       |     2 |     6 |    25 |   107 |     9 ||   149
         Draw Summoning    |       |     2 |     4 |     9 |    12 |     7 ||    34
         Draw Escape       |       |       |       |     1 |     3 |    13 ||    17
  Evoke: Wand              |       |       |       |     3 |     5 |       ||     8
    Use: Scroll            |     5 |       |     7 |    12 |    13 |     9 ||    46
   Stab: Sleeping          |     1 |       |       |       |       |       ||     1
         Held in net/web   |       |       |     1 |       |       |       ||     1
         Distracted        |       |       |       |     3 |     1 |     1 ||     5
         Petrifying        |       |       |       |     1 |       |       ||     1
         Petrified         |       |       |       |       |     1 |     4 ||     5
         Paralysed         |       |       |       |       |     4 |       ||     4
         Confused          |       |       |       |       |     1 |       ||     1
 Armour: Leather armour    |    21 |       |       |       |       |       ||    21
         Ring mail         |     5 |    55 |   173 |   204 |   430 |       ||   867
         Gold dragon scale |       |       |       |       |   468 |   243 ||   711
  Dodge: Dodged            |    65 |    85 |   186 |   288 |   746 |    38 ||  1408
  Block: Other             |       |       |       |    49 |   171 |       ||   220
         Reflection        |       |       |       |       |    13 |       ||    13
